 Dungeon Crawl Stone Soup version 0.20.2-3-g29329e0561 (webtiles) character file.

2428 Alfie the Cutter (level 9, -2/78 HPs)
             Began as a Hill Orc Fighter on Sept 7, 2022.
             Slain by a sky beast (5 damage)
             ... on level 7 of the Dungeon on Sept 8, 2022.
             The game lasted 00:20:04 (5527 turns).

Alfie the Cutter (Hill Orc Fighter)                 Turns: 5527, Time: 00:20:05

Health: -2/78      AC: 14    Str: 22    XL:     9   Next: 48%
Magic:  9/9        EV:  5    Int:  8    God:
Gold:   301        SH: 10    Dex: 10    Spells: 8/8 levels left

rFire    . . .     SeeInvis .   y - +2 dagger (drain)
rCold    . . .     Gourm    .   c - +0 shield
rNeg     . . .     Faith    .   h - +0 plate armour
rPois    +         Spirit   .   (helmet restricted)
rElec    .         Reflect  .   (no cloak)
rCorr    .         Harm     .   l - +0 pair of gloves
MR       .....                  (no boots)
Stlth    ..........             (no amulet)
Regen    0.3/turn               (no ring)
MPRegen  0.2/turn               (no ring)

@: no status effects
A: horns 1, poison resistance
a: no special abilities


You were on level 7 of the Dungeon.
You were not hungry.

You visited 1 branch of the dungeon, and saw 8 of its levels.

You collected 301 gold pieces.

Inventory:

Hand Weapons
 a - a +0 rapier
 w - a +0 shortbow
 y - a +2 dagger of draining (weapon)
Missiles
 x - 101 arrows
Armour
 c - a +0 shield (worn)
 h - a +0 plate armour (worn)
 l - a +0 pair of gloves (worn)
Jewellery
 n - an uncursed ring of positive energy {unknown}
Scrolls
 d - 2 scrolls of recharging
 e - a scroll of amnesia
 g - 3 scrolls of identify
 i - 3 scrolls of remove curse
 o - a scroll of magic mapping
 s - a scroll of teleportation {unknown}
 z - a scroll of enchant weapon {unknown}
Potions
 b - 2 potions of haste
 k - 3 potions of brilliance
 q - 2 potions of flight {unknown}
 t - a potion of cancellation
 u - a potion of invisibility {unknown}
 v - a potion of magic
Books
 r - a book of Flames

   Spells                             Type                      Level
   a - Flame Tongue                   Conjuration/Fire             1
   b - Throw Flame                    Conjuration/Fire             2
   c - Conjure Flame                  Conjuration/Fire             3
   d - Inner Flame                    Hexes/Fire                   3
   e - Sticky Flame                   Conjuration/Fire             4
   f - Fireball                       Conjuration/Fire             5
Comestibles
 f - 9 bread rations
 p - 5 fruits
 A - a meat ration


   Skills:
 + Level 6.4 Fighting
 + Level 7.3 Short Blades
 + Level 4.5 Throwing
 + Level 6.4 Armour
 + Level 1.2 Dodging
 + Level 6.7 Shields


You had 8 spell levels left.
You didn't know any spells.

Dungeon Overview and Level Annotations

Branches:
Dungeon (8/15)             Temple (0/1) D:5
   Lair: D:8-11

Altars:
Xom

Shops:
D:4 [


Innate Abilities, Weirdness & Mutations

You have a pair of small horns on your head.
Your system is resistant to poisons. (rPois)


Message History

You see here a troll corpse.
There is an open door here.
There is an open door here.
A sky beast comes into view.
The sky beast flickers out of sight!
Deactivating autopickup; reactivate with Ctrl-A.
Something hits you but does no damage.
You closely miss something. Something hits you but does no damage.
You closely miss something. Your headbutt misses something.
You block something's attack.
You barely miss something. Something hits you.
* * * LOW HITPOINT WARNING * * *
Something shocks you.
* * * LOW HITPOINT WARNING * * *
You miss something. You closely miss something.
Something hits you but does no damage.
You closely miss something. Something hits you.
* * * LOW HITPOINT WARNING * * *
Something shocks you.
You die...

######## #......#
#......#######################
#......'.....@................
#......#######################
#......# ######## #......#
#......#
#####'############......#
#......#...............#
#......#.########......#
#......#.# ##'##### #......#.#
#.#


There were no monsters in sight!

Vanquished Creatures
  A troll (D:7)
  Sigmund (D:4)
  Edmund (D:4)
  Duvessa (D:7)
  An ice beast (D:5)
  3 phantoms
  An ogre (D:4)
  2 centaurs
  2 bullfrogs
  Dowan (D:7)
  A water moccasin zombie (D:7)
  A wyvern skeleton (D:6)
  3 scorpions
  A howler monkey (D:6)
  3 crimson imps
  A bullfrog zombie (D:5)
  A centaur zombie (D:6)
  2 orc priests
  2 hounds
  2 orc wizards (D:6)
  A centaur skeleton (D:7)
  Jessica (D:2)
  Terence (D:3)
  3 worker ants
  A killer bee zombie (D:6)
  A hound skeleton (D:7)
  A worker ant zombie (D:6)
  A gnoll (D:1)
  8 adders
  2 shadow imps
  An ooze (D:3)
  3 adder skeletons
  3 dart slugs
  A leopard gecko (D:6)
  19 orcs
  A ball python (D:5)
  4 bats
  6 giant cockroaches
  9 goblins
  5 hobgoblins
  10 jackals
  4 frilled lizards
  8 kobolds
  A leopard gecko skeleton (D:4)
  3 rats
129 creatures vanquished.

Vanquished Creatures (others)
  5 dream sheep (D:5)
5 creatures vanquished.

Grand Total: 134 creatures vanquished

Notes
Turn   | Place    | Note
-------+----------+-------------------------------------------
     0 | D:1      | Alfie the Hill Orc Fighter began the quest for the Orb.
     0 | D:1      | Reached XP level 1. HP: 19/19 MP: 1/1
    69 | D:1      | Reached XP level 2. HP: 9/27 MP: 2/2
   397 | D:1      | Reached XP level 3. HP: 27/33 MP: 3/3
   813 | D:2      | Reached XP level 4. HP: 19/40 MP: 4/4
   831 | D:2      | Noticed Jessica
   847 | D:2      | Killed Jessica
   847 | D:2      | Reached skill level 3 in Short Blades
  1667 | D:3      | Noticed Terence
  1729 | D:3      | Killed Terence
  1729 | D:3      | Reached XP level 5. HP: 39/47 MP: 5/5
  2381 | D:4      | Found Heboimes's Antique Armour Emporium.
  2432 | D:4      | Reached skill level 4 in Short Blades
  2432 | D:4      | Reached XP level 6. HP: 52/53 MP: 6/6
  2466 | D:4      | Noticed Sigmund
  2480 | D:4      | Killed Sigmund
  2480 | D:4      | Reached skill level 5 in Fighting
  2480 | D:4      | Reached skill level 1 in Throwing
  2559 | D:4      | Reached XP level 7. HP: 17/61 MP: 7/7
  2759 | D:4      | Reached skill level 5 in Short Blades
  3002 | D:4      | Noticed Edmund
  3019 | D:4      | Killed Edmund
  3019 | D:4      | Reached skill level 5 in Armour
  3123 | D:5      | Entered Level 5 of the Dungeon
  3384 | D:5      | Found a staircase to the Ecumenical Temple.
  3442 | D:5      | Reached XP level 8. HP: 34/70 MP: 8/8
  3706 | D:5      | Found a shimmering altar of Xom.
  3706 | D:5      | Noticed a dream sheep
  3706 | D:5      | Noticed a dream sheep
  3706 | D:5      | Noticed a dream sheep
  3706 | D:5      | Noticed a dream sheep
  3706 | D:5      | Noticed a dream sheep
  3711 | D:5      | Killed a dream sheep
  3711 | D:5      | Killed a dream sheep
  3711 | D:5      | Killed a dream sheep
  3711 | D:5      | Killed a dream sheep
  3711 | D:5      | Killed a dream sheep
  3738 | D:6      | Reached skill level 6 in Short Blades
  3748 | D:6      | Reached skill level 5 in Shields
  3932 | D:6      | Reached skill level 1 in Dodging
  4145 | D:6      | HP: 2/70 [orc/trident (5)]
  4520 | D:6      | Identified a scroll of acquirement
  4608 | D:6      | Reached XP level 9. HP: 75/75 MP: 9/9
  5223 | D:7      | Reached skill level 7 in Short Blades
  5354 | D:7      | Noticed Dowan
  5355 | D:7      | Noticed Duvessa
  5366 | D:7      | Killed Duvessa
  5385 | D:7      | Killed Dowan
  5420 | D:7      | Gained mutation: You have a pair of small horns on your head. [potion of mutation]
  5420 | D:7      | Gained mutation: Your system is resistant to poisons. (rPois) [potion of mutation]
  5488 | D:8      | Noticed a troll
  5505 | D:7      | Killed a troll
  5527 | D:7      | HP: 3/78 [something (1)]
  5527 | D:7      | Slain by a sky beast

Skill      XL: |  1  2  3  4  5  6  7  8  9 |
---------------+----------------------------+-----
Fighting       | 4 5 6 |  6.4
Short Blades   | 3 4 5 6 7 |  7.3
Armour         | 4 5 6 |  6.4
Shields        | 4 5 6 |  6.7
Throwing       | 1 2 3 4 |  4.5
Dodging        | 1 |  1.2

Action                   |  1- 3 |  4- 6 |  7- 9 || total
-------------------------+-------+-------+-------++-------
Melee: Rapier            |   102 |   168 |   251 ||   521
       Dagger            |       |       |   147 ||   147
       Headbutt          |       |       |     5 ||     5
Throw: Tomahawk          |       |    26 |    93 ||   119
  Use: Scroll            |     3 |     6 |     2 ||    11
       Potion            |       |     1 |     8 ||     9
  Eat: Bread ration      |       |     1 |     1 ||     2
       Royal jelly       |       |     1 |       ||     1
       Fruit             |       |       |     2 ||     2
       Meat ration       |       |       |     1 ||     1
Armor: Scale mail        |    15 |       |       ||    15
       Plate armour      |    53 |    88 |   221 ||   362
Dodge: Dodged            |    16 |    21 |    66 ||   103
Block: Shield            |    51 |    60 |   188 ||   299
